 Dungeon Crawl Stone Soup version 0.15.0-16-gce31824 (console) character file.

149 gw the Poker (level 5, 0/40 HPs)
             Began as a Merfolk Gladiator on Sept 6, 2014.
             Succumbed to a kobold's poison
             ... on Level 4 of the Dungeon.
             The game lasted 00:01:24 (2562 turns).

gw the Poker (Merfolk Gladiator)                    Turns: 2562, Time: 00:01:24

HP   0/40        AC  7     Str 15      XL: 5   Next: 31%
MP   5/5         EV 11     Int  7      God:
Gold 0           SH  0     Dex 16      Spells:  0 memorised,  4 levels left

rFire  . . .     SeeInvis +     a - +0 trident
rCold  . . .     Clarity  .     r - +0 ring mail
rNeg   . . .     rCorr    .     (no shield)
rPois  .         rRot     .     c - +0 helmet
rElec  .         Spirit   .     (no cloak)
SustAb .         Warding  .     (no gloves)
rMut   .         Stasis   .     j - +0 pair of boots
Gourm  .                        (no amulet)
MR     .....                    o - ring of see invisible
                                h - +4 ring of slaying

@: lethally poisoned, not resistant to hostile enchantments, very unstealthy
A: change form in water, swift swim
a: no special abilities


You were on level 4 of the Dungeon.
You were not hungry.

You visited 1 branch of the dungeon, and saw 4 of its levels.
You also visited: Sewer.

Inventory:

Hand weapons
 a - a +0 trident (weapon)
Missiles
 d - 3 throwing nets
 k - 2 tomahawks
 m - 55 stones (quivered)
 n - 5 javelins
Armour
 c - a +0 helmet (worn)
 j - a +0 pair of boots (worn)
 r - a +0 ring mail (worn)
Comestibles
 f - 5 bread rations
 i - 5 meat rations
Scrolls
 g - a scroll of identify
Jewellery
 h - a +4 ring of slaying (left hand)
 o - a ring of see invisible (right hand)
Potions
 e - 2 potions of restore abilities


   Skills:
 + Level 2.9 Fighting
 * Level 7.1 Polearms
 + Level 2.7 Throwing
 + Level 4.5 Dodging


You had 4 spell levels left.
You didn't know any spells.

Dungeon Overview and Level Annotations

Branches:
Dungeon (4/15)
 Temple: D:4-7

Altars:
Elyvilon
Yredelemnul

Shops:
D:4 (


Message History

You hit the orc.
The orc is moderately wounded.
You feel sick.
The kobold shoots a poisoned needle.
The poisoned needle closely misses you. The orc hits you but does no damage.
ATTACK MOVE TO (1,1)
You puncture the orc!
You kill the orc!
The kobold shoots a poisoned needle.
The poisoned needle closely misses you.
An orc comes into view. It is wielding a dagger.
ATTACK MOVE TO (1,0)
You feel sick.
The kobold unwields an uncursed blowgun.
The kobold wields an uncursed whip.
The kobold barely misses you. The orc closely misses you.
Things that are here:
a glowing leather armour; an orc corpse ATTACK MOVE TO (1,-1)
You hit the orc.
The orc is moderately wounded.
You die...

. . .# .. .# .#
# .. .#(#. .##
##.#...# ..
.......
.#####.....
###o#.....####
#(mK.....<...#
#))$.........+
#............#
#####+###.......
#......!.
#...\... #).....
#..... ###


You could see an orc and a kobold.

Table legend:
 A = Turns spent in this place as a percentage of turns spent in the entire game.
 B = Non-inter-level travel turns spent in this place as a percentage of non-inter-level travel turns spent in the entire game.
 C = Inter-level travel turns spent in this place as a percentage of turns spent in this place.
 D = Turns resting spent in this place as a percentage of non-inter-level travel turns spent in this place.
 E = Turns spent auto-exploring this place as a percentage of non-inter-level travel turns spent in this place.
 F = Non-inter-level travel turns spent in this place divided by the number of levels of this place that you've seen.
                   A       B       C       D       E      F
               +-------+-------+-------+-------+-------+----------------------
         Total | 100.0 | 100.0 |   1.7 |   3.1 |  17.3 | 135.0
       Dungeon |  91.3 |  91.1 |   1.9 |   2.8 |  18.4 | 153.8
         Sewer |   8.7 |   8.9 |   0.0 |   6.7 |   6.7 |  60.0
               +-------+-------+-------+-------+-------+----------------------

Table legend:
 A = Kills in this place as a percentage of kills in entire the game.
 B = Kills by you in this place as a percentage of kills by you in the entire game.
 C = Kills by friends in this place as a percentage of kills by friends in the entire game.
 D = Other kills in this place as a percentage of other kills in the entire game.
 E = Experience gained in this place as a percentage of experience gained in the entire game.
 F = Experience gained in this place divided by the number of levels of this place that you have seen.
                   A       B       C       D       E      F
               +-------+-------+-------+-------+-------+----------------------
         Total | 100.0 | 100.0 |  -nan |  -nan | 100.0 |  42.8
       Dungeon |  89.6 |  89.6 |  -nan |  -nan |  96.3 |  51.5
         Sewer |  10.4 |  10.4 |  -nan |  -nan |   3.7 |   8.0
               +-------+-------+-------+-------+-------+----------------------

Vanquished Creatures
  A giant frog skeleton (D:4)
  An orc wizard (D:4)
  3 adders
  A giant mite (D:3)
  A worm (D:2)
  4 giant geckos (D:3)
  An ooze (D:2)
  3 orcs (D:4)
  3 giant cockroaches (D:3)
  3 goblins
  2 hobgoblins
  6 jackals
  4 kobolds
  A ball python (D:3)
  6 bats
  A giant newt (D:1)
  7 rats
48 creatures vanquished.

Notes
Turn   | Place    | Note
--------------------------------------------------------------
     0 | D:1      | gw, the Merfolk Gladiator, began the quest for the Orb.
     0 | D:1      | Reached XP level 1. HP: 16/16 MP: 1/1
   425 | D:1      | Reached XP level 2. HP: 21/23 MP: 2/2
   759 | D:2      | Reached skill level 5 in Polearms
  1046 | D:2      | Reached XP level 3. HP: 28/28 MP: 3/3
  1079 | D:2      | Found a basalt altar of Yredelemnul.
  1600 | D:3      | Reached skill level 6 in Polearms
  1688 | D:3      | Found a white marble altar of Elyvilon.
  1830 | D:3      | Found a glowing drain.
  1835 | D:3      | Reached XP level 4. HP: 34/34 MP: 4/4
  1847 | Sewer    | Entered a sewer
  1932 | Sewer    | Noticed a crocodile
  2513 | D:4      | Found Fyocvy's Weapon Shop.
  2527 | D:4      | Reached XP level 5. HP: 39/39 MP: 5/5
  2545 | D:4      | Reached skill level 7 in Polearms
  2559 | D:4      | HP: 2/40 [poisoned by a kobold]
  2562 | D:4      | Succumbed to a kobold's poison

Action                   |  1- 3 |  4- 6 || total
-------------------------+-------+-------++-------
Melee: Trident           |    56 |    54 ||   110
Throw: Stone             |    44 |    20 ||    64
  Use: Scroll            |     5 |     3 ||     8
       Potion            |     2 |     4 ||     6
  Eat: Chunk             |     3 |     2 ||     5

Vault maps used:
D:1:      minmay_arrival_stair_chambers
D:2:      lemuel_round_altar, first_bread
D:3:      elyvilon_altar_4, portal_sewer_entry_d
D:4:      serial_shops, shop
Sewer:    sewer_the_crocodile
